AoeStats
← die trying

Arabia

503425935Analyzed
1v1 RM · 1mo ago on Aug 31, 2026· 40m 16s· 2 players
Game mode
Random Map
Map size
Tiny (2 player)
Population
200
Speed
Normal
Resources
Standard
Victory
Conquest
Starting age
Dark Age
Ending age
Imperial Age
RankedLock teamsTeams togetherTeam positionsShared explorationLock speedFull tech treeHidden civsTurbo modeCheats
Victory
Defeat
🇨🇱 Mongols · Chile
1858
+19
🇧🇷 Tupi · Brazil
1915
-19
die trying
4:22 Loom
8:51 Feudal Age
9:01 Man-at-Arms
11:02 Town Watch
15:02 Fletching
16:26 Wheelbarrow
16:24 Double-Bit Axe
21:53 Castle Age
20:39 Padded Archer Armor
20:39 Gold Mining
20:34 Horse Collar
22:39 Bodkin Arrow
22:05 Crossbowman
26:27 Ballistics
26:23 Leather Archer Armor
40:11 Imperial Age
39:54 Thumb Ring
40:54 Bracer
p4rtY3oY
1:46 Loom
10:34 Feudal Age
12:42 Double-Bit Axe
13:03 Horse Collar
19:59 Wheelbarrow
23:11 Castle Age
21:25 Gold Mining
21:43 Stone Mining
22:13 Fletching
24:07 Bodkin Arrow
25:02 Heavy Plow
25:14 Bow Saw
26:56 Padded Archer Armor
34:27 Leather Archer Armor
Connection lost

Rejoining the realm…

Still unreachable

The connection could not be restored.

Session expired

The server has moved on; the page needs a fresh start.